Map: Ice and Chrome LE

Players

DisK

  • Race: Protoss Protoss
  • League: Grandmaster
  • Spawn Location: 7:00

PiLiPiLi - Winner!

  • Race: Protoss Protoss
  • League: Grandmaster
  • Spawn Location: 1:00

VOD

Have the link to the VOD?

Description

Time

  • Played on: Aug. 23, 2020, 7:02 p.m.
  • Length: 7:10
Show
View Real Time Build Order
Export as new Build Order

DisK Protoss 

Build Orders: Blink Stalkers 

Get SALT Encoding   

  12  0:00  Probe  
  13  0:12  Probe  
  14  0:17  Pylon  
  14  0:24  Probe  
  15  0:35  Gateway  
  15  0:36  Probe (Chrono Boost)  
  16  0:46  Assimilator, Probe (Chrono Boost)  
  17  0:51  Probe (Chrono Boost)  
  17  0:55  Assimilator  
  18  1:03  Probe (Chrono Boost)  
  19  1:07  Gateway  
  19  1:13  Probe (Chrono Boost)  
  19  1:17  Probe (Chrono Boost)  
  20  1:24  Cybernetics Core  
  21  1:29  Probe  
  22  1:34  Pylon  
  22  1:41  Probe  
  23  1:53  Probe  
  24  2:01  Stalker x2  
  24  2:02  Warp Gate  
  24  2:07  Pylon  
  28  2:09  Probe  
  29  2:24  Probe  
  30  2:33  Stalker  
  30  2:34  Stalker  
  33  2:52  Shield Battery  
  33  2:59  Nexus  
  33  3:05  Pylon  
  33  3:20  Twilight Council  
  33  3:22  Shield Battery  
  33  3:23  Probe  
  34  3:30  Sentry x2  
  38  3:35  Probe  
  39  3:41  Shield Battery  
  39  3:45  Blink (Chrono Boost)  
  39  3:47  Probe (Chrono Boost)  
  40  3:52  Forge  
  40  3:57  Probe (Chrono Boost)  
  41  4:03  Phoenix  
  41  4:05  Stalker  
  44  4:11  Probe (Chrono Boost)  
  44  4:14  Stalker, Probe (Chrono Boost)  
  47  4:20  Probe (Chrono Boost)  
  47  4:23  Probe (Chrono Boost)  
  49  4:25  Protoss Ground Weapons Level 1  
  49  4:26  Probe  
  50  4:33  Probe  
  50  4:38  Gateway  
  51  4:40  Probe  
  52  4:45  Stalker  
  52  4:46  Probe  
  55  4:55  Stalker  
  55  4:56  Probe  
  55  4:58  Probe  
  59  5:06  Shield Battery  
  59  5:09  Pylon, Stalker  
  59  5:14  Photon Cannon  
  61  5:18  Stalker  
  59  5:33  Stalker x2  
  61  5:39  Gateway  
  61  5:45  Gateway  
  61  5:46  Stalker  
  63  5:55  Shield Battery  
  63  5:56  Stalker x2  
  67  5:58  Shield Battery  
  63  6:17  Stalker  
  41  6:26  Stalker  
  41  6:27  Stalker  
  39  6:37  Stalker  
  37  6:43  Stalker x2  
  35  6:50  Stalker  
  35  6:51  Stalker  
Show
View Real Time Build Order
Export as new Build Order

PiLiPiLi Protoss - Winner!

Build Orders:  

Get SALT Encoding   

  12  0:00  Probe  
  13  0:12  Probe  
  14  0:17  Pylon  
  14  0:24  Probe  
  15  0:37  Probe (Chrono Boost)  
  15  0:38  Gateway  
  16  0:45  Assimilator  
  16  0:46  Probe (Chrono Boost)  
  17  0:51  Probe (Chrono Boost)  
  17  0:54  Assimilator  
  18  1:03  Probe (Chrono Boost)  
  19  1:08  Gateway  
  19  1:15  Probe (Chrono Boost)  
  20  1:21  Probe (Chrono Boost)  
  20  1:25  Cybernetics Core  
  21  1:29  Probe  
  22  1:33  Pylon  
  22  1:41  Probe  
  23  1:53  Probe  
  24  1:59  Warp Gate (Chrono Boost)  
  24  2:01  Adept x2  
  28  2:10  Pylon  
  28  2:24  Probe  
  29  2:31  Stalker x2  
  33  2:38  Probe  
  33  2:39  Shield Battery  
  33  2:40  Robotics Facility  
  34  2:56  Probe  
  35  2:59  Pylon  
  35  3:16  Probe  
  35  3:24  Nexus  
  35  3:35  Immortal  
  39  3:44  Sentry  
  39  3:45  Sentry  
  39  3:46  Probe  
  44  3:56  Pylon  
  44  3:58  Probe  
  44  4:00  Phoenix  
  45  4:14  Gateway  
  45  4:15  Sentry x2  
  50  4:20  Warp Prism (Chrono Boost)  
  51  4:31  Probe  
  52  4:37  Probe  
  53  4:39  Sentry, Stalker  
  53  4:44  Probe  
  58  4:49  Observer  
  59  4:53  Probe  
  59  4:57  Gateway  
  59  4:58  Pylon  
  60  5:11  Pylon  
  60  5:16  Adept x3  
  64  5:37  Stalker x2  
  64  5:38  Immortal (Chrono Boost), Stalker  
  74  5:51  Stalker  
  76  6:00  Adept  
  76  6:01  Zealot x2  
  74  6:19  Warp Prism  
  72  6:27  Stalker x3  
  68  6:40  Stalker  
  68  6:42  Probe  
  69  6:48  Probe  
  70  6:54  Probe  
Tags
 
Add a new tag
Caveats
  • Supply blocks, unpowered buildings, or Contaminate may cause inaccurate times.
  • Supply counts are checked every 10 seconds.